 Dungeon Crawl Stone Soup version 0.23.1 (webtiles) character file.

Game seed: 15244568078065927864

40834 wyoknott the Peltast (level 13, -1/116 HPs)
             Began as a Minotaur Fighter on Mar 4, 2019.
             Was a High Priest of Trog.
             Slain by a meliai
             ... wielding a +0 hand axe
              (9 damage)
             ... on level 15 of the Dungeon on Mar 5, 2019.
             The game lasted 01:02:48 (13503 turns).

wyoknott the Peltast (Minotaur Fighter)            Turns: 13503, Time: 01:02:49

Health: -1/116     AC: 18    Str: 30    XL:     13   Next: 76%
Magic:  0/21       EV:  7    Int:  6    God:    Trog [*****.]
Gold:   746        SH: 25    Dex:  8    Spells: 12/12 levels left

rFire    . . .     SeeInvis .   L - +3 war axe of Jutixoid {chop, rElec rPois rC+ Dex-2}
rCold    + . .     Gourm    .   r - +3 large shield
rNeg     . . .     Faith    .   o - +1 plate armour {rPois}
rPois    +         Spirit   +   (helmet restricted)
rElec    +         Reflect  .   Z - scarf {repulsion}
rCorr    .         Harm     .   E - +1 pair of gloves
MR       ++...                  (no boots)
Stlth    ..........             y - amulet of guardian spirit
HPRegen  1.29/turn              A - +5 ring of strength
MPRegen  0.17/turn              M - ring of magical power

@: berserk cooldown, regenerating, repel missiles
A: retaliatory headbutt, horns 2
a: Berserk, Trog's Hand, Brothers in Arms, Renounce Religion


You were on level 15 of the Dungeon.
You worshipped Trog.
Trog was extremely pleased with you.
You were not hungry.

You visited 1 branch of the dungeon, and saw 15 of its levels.

You collected 854 gold pieces.
You spent 108 gold pieces at shops.

Inventory:

Hand Weapons
 F - a +3 war axe of electrocution
 H - a +1 glaive of draining
 L - the +3 war axe of Jutixoid (weapon) {chop, rElec rPois rC+ Dex-2}
   (You acquired it on level 6 of the Dungeon)

   It inflicts extra damage upon your enemies.
   It affects your dexterity (-2).
   It protects you from cold.
   It insulates you from electricity.
   It protects you from poison.
 P - the cursed +2 quarterstaff of the Postmodern Mice {vamp, *Corrode rPois MR+ Str+5}
   (You found it on level 7 of the Dungeon)

   It inflicts no extra harm, but heals its wielder when it wounds a living foe.
   It affects your strength (+5).
   It protects you from poison.
   It affects your resistance to hostile enchantments.
   It may corrode you when you take damage.
   It has a curse placed upon it.
 W - a +7 long sword of draining
Armour
 g - a +2 cloak
 o - a +1 plate armour of poison resistance (worn)
 r - a +3 large shield (worn)
 E - a +1 pair of gloves (worn)
 Z - a scarf of repulsion (worn)
Jewellery
 j - an uncursed amulet of faith
 s - an uncursed ring of poison resistance {unknown}
 y - an amulet of guardian spirit (around neck)
 A - a +5 ring of strength (left hand)
 B - a cursed amulet of inaccuracy {unknown}
 I - an uncursed amulet of regeneration
 M - a ring of magical power (right hand)
 N - an uncursed ring of see invisible
 T - a +3 ring of dexterity
 V - a +3 ring of protection
Wands
 a - a wand of flame (13)
 c - a wand of disintegration (14)
 l - a wand of clouds (5)
 m - a wand of iceblast (13)
 v - a wand of random effects (59)
 w - a wand of polymorph (11)
 J - a wand of paralysis (8)
 O - a wand of acid (10)
 S - a wand of scattershot (9)
 Y - a wand of digging (5)
Scrolls
 n - 6 scrolls of remove curse
 t - 8 scrolls of teleportation
 D - 2 scrolls of enchant weapon
 R - 2 scrolls of fear
 X - a scroll of magic mapping
Potions
 b - a potion of haste {unknown}
 d - 3 potions of might
 e - 5 potions of curing
 h - 2 potions of magic
 k - a potion of ambrosia
 x - a potion of cancellation {unknown}
 z - a potion of resistance
 K - 2 potions of agility {unknown}
 Q - 2 potions of brilliance
 U - a potion of mutation {unknown}
Comestibles
 f - 28 rations


   Skills:
 + Level 11.2 Fighting
 + Level 5.9 Long Blades
 + Level 16.0 Axes
 + Level 11.1 Armour
 + Level 3.2 Dodging
 + Level 0.8 Stealth
 + Level 16.1 Shields


You had 12 spell levels left.
You didn't know any spells.
Your spell library was empty.

Dungeon Overview and Level Annotations

Branches:
Dungeon (15/15)            Temple (0/1) D:7            Lair (0/6) D:11
    Orc (0/2) D:10         Vaults (0/5) D:13
 Depths: D:15

Altars:
Ashenzari
Cheibriados
Fedhas
Gozag
Makhleb
Nemelex Xobeh
Ru
Sif Muna
Trog
Uskayaw
Vehumet
Wu Jian
Zin
Beogh

Shops:
D:3 *   D:5 !   D:14 *

Annotations:
D:13 1 runed translucent door, exclusion: orange crystal statue
D:14 3 runed translucent doors


Innate Abilities, Weirdness & Mutations

You reflexively headbutt those who attack you in melee.
You have a pair of horns on your head.


Message History

The meliai stings you but does no damage.
The meliai hits you but does no damage. The meliai barely misses you.
You closely miss the meliai. You headbutt the meliai.
The meliai is heavily wounded.
You slash the meliai! You block the meliai's attack.
The meliai stings you but does no damage.
The meliai calls upon its god to heal the meliai.
The meliai is healed somewhat.
You block the meliai's attack.
The meliai stings you but does no damage.
The meliai hits you but does no damage. The meliai barely misses you.
You block the meliai's attack.
The meliai stings you but does no damage.
The meliai completely misses you.
The meliai stings you but does no damage.
Your skin crawls.
You feel resistant to hostile enchantments.
You feel somewhat more hungry.
You feel yourself speed up. The meliai hits you with a +0 hand axe!
You die...

#..#.#####.###
#...........:.
.....#...#.......
######...#.......
##...(....##
#....)(...#
####....)))..#
......[(((...#
#####....@...#
#......yy...#
#...............
#..............)
#...............
#...............
#...............
................
...............


You could see 2 meliai.

Vanquished Creatures
  Louise (D:14)
  A stone giant (D:9)
  An ettin (D:9)
  An ogre mage (D:15)
  Fannar (D:11)
  4 centaur warriors
  2 dancing weapons (D:13)
  A tengu warrior (D:14)
  5 two-headed ogres
  5 death yaks (D:11)
  7 skeletal warriors (D:15)
  An unseen horror (D:11)
  A deep elf mage (D:12)
  5 ugly things
  2 cyclopes
  A manticore (D:15)
  Joseph (D:7)
  2 gargoyles
  A spiny frog (shapeshifter) (D:14)
  A komodo dragon (D:13)
  An efreet (D:15)
  4 trolls
  A meliai (shapeshifter) (D:14)
  A meliai (D:15)
  A hornet (D:12)
  5 hippogriffs
  A shadow (D:15)
  2 wraiths
  23 yaks
  2 wyverns (D:11)
  A steam dragon (D:11)
  A hungry ghost (D:12)
  Menkaure (D:5)
  2 acid dragons
  A soldier ant (D:9)
  3 ice beasts
  3 orc warriors
  4 necrophages
  2 black bears
  4 sky beasts
  3 phantoms
  8 ogres
  15 centaurs
  4 big kobolds
  3 crocodiles
  Blork the orc (D:5)
  10 bullfrogs
  2 wyvern zombies
  A wyvern skeleton (D:14)
  7 scorpions
  7 killer bees
  3 howler monkeys
  2 centaur zombies
  10 crimson imps
  6 hounds
  4 centaur skeletons
  10 orc priests
  5 jellies
  3 bullfrog skeletons
  13 worker ants
  Ijyb (D:5)
  3 iguanas
  Natasha (thrice) (D:3)
  6 orc wizards
  A killer bee zombie (D:9)
  2 howler monkey zombies
  8 gnolls
  A howler monkey skeleton (D:5)
  9 adders
  An ooze (D:3)
  2 adder skeletons
  2 dart slugs (D:1)
  5 leopard geckos
  36 orcs
  6 giant cockroaches
  9 goblins
  8 hobgoblins
  6 jackals
  9 quokkas
  10 bats
  3 frilled lizards
  22 kobolds
  2 quokka skeletons
  A quokka zombie (D:9)
  6 rats
386 creatures vanquished.

Vanquished Creatures (collateral kills)
  A catoblepas (D:13)
1 creature vanquished.

Grand Total: 387 creatures vanquished

Notes
Turn   | Place    | Note
-------+----------+-------------------------------------------
     0 | D:1      | wyoknott the Minotaur Fighter began the quest for the Orb.
     0 | D:1      | Reached XP level 1. HP: 19/19 MP: 0/0
   224 | D:1      | Reached XP level 2. HP: 27/27 MP: 1/1
   829 | D:2      | Reached XP level 3. HP: 22/33 MP: 2/2
   839 | D:2      | Found a bloodstained altar of Trog.
   842 | D:2      | Became a worshipper of Trog the Wrathful
   870 | D:2      | Found an ornate altar of the Wu Jian Council.
  1218 | D:2      | Reached XP level 4. HP: 37/40 MP: 3/3
  1636 | D:3      | Reached skill level 1 in Dodging
  1638 | D:3      | Reached * piety under Trog
  1695 | D:3      | Reached XP level 5. HP: 19/47 MP: 4/4
  1732 | D:3      | Found an opulent altar of Gozag.
  1732 | D:3      | Found Gozag's Platinum Reserve.
  1864 | D:3      | Noticed Natasha
  1874 | D:3      | Killed Natasha
  1937 | D:3      | Noticed Natasha
  1947 | D:3      | Killed Natasha
  1951 | D:3      | Noticed Natasha
  1959 | D:3      | Killed Natasha
  1959 | D:3      | Reached skill level 5 in Shields
  2272 | D:3      | Reached ** piety under Trog
  2451 | D:3      | Reached XP level 6. HP: 53/53 MP: 5/5
  2809 | D:4      | Reached skill level 5 in Long Blades
  3111 | D:4      | Found a burning altar of Makhleb.
  3112 | D:4      | Found a radiant altar of Vehumet.
  3116 | D:4      | Reached skill level 5 in Armour
  3116 | D:4      | Reached XP level 7. HP: 58/60 MP: 6/6
  3373 | D:5      | Entered Level 5 of the Dungeon
  3395 | D:5      | Noticed Ijyb
  3408 | D:5      | Killed Ijyb
  3411 | D:5      | Reached skill level 1 in Axes
  3435 | D:5      | Found Jofior's Distillery.
  3453 | D:5      | Bought a potion of curing for 36 gold pieces
  3453 | D:5      | Bought a potion of curing for 36 gold pieces
  3453 | D:5      | Bought a potion of curing for 36 gold pieces
  3632 | D:5      | Noticed Menkaure
  3639 | D:5      | Killed Menkaure
  3639 | D:5      | Reached skill level 5 in Fighting
  3639 | D:5      | Reached XP level 8. HP: 37/68 MP: 5/7
  4182 | D:5      | Noticed Blork the orc
  4197 | D:5      | Killed Blork the orc
  4306 | D:6      | Found a sparkling altar of Nemelex Xobeh.
  4543 | D:6      | Found a deep blue altar of Sif Muna.
  4555 | D:6      | Found a blossoming altar of Fedhas.
  4557 | D:6      | Found a snail-covered altar of Cheibriados.
  4652 | D:6      | Identified a scroll of acquirement
  4655 | D:6      | Got a jewelled war axe
  4656 | D:6      | Identified the +3 war axe of Jutixoid {chop, rElec rPois
                  | rC+ Dex-2} (You acquired it on level 6 of the Dungeon)
  4704 | D:6      | Found a shattered altar of Ashenzari.
  5026 | D:7      | Reached skill level 5 in Axes
  5058 | D:7      | Found a staircase to the Ecumenical Temple.
  5233 | D:7      | Noticed Joseph
  5247 | D:7      | Killed Joseph
  5247 | D:7      | Reached XP level 9. HP: 74/74 MP: 8/8
  5249 | D:7      | Found a sacrificial altar of Ru.
  5275 | D:7      | Got a fine quarterstaff
  5281 | D:7      | Identified the cursed +2 quarterstaff of the Postmodern
                  | Mice {vamp, *Corrode rPois MR+ Str+5} (You found it on
                  | level 7 of the Dungeon)
  5572 | D:7      | Found a glowing silver altar of Zin.
  5572 | D:7      | Found an opulent altar of Gozag.
  5857 | D:8      | Reached skill level 10 in Shields
  6181 | D:8      | Found a hide-covered altar of Uskayaw.
  6694 | D:9      | Reached *** piety under Trog
  6703 | D:9      | Reached XP level 10. HP: 84/84 MP: 9/9
  6737 | D:9      | Noticed an ettin
  6738 | D:9      | Noticed a stone giant
  6754 | D:9      | Killed a stone giant
  6764 | D:9      | Killed an ettin
  6764 | D:9      | Reached skill level 10 in Axes
  6774 | D:9      | Identified the Almanac of Icy Companions
  7624 | D:10     | Entered Level 10 of the Dungeon
  7790 | D:10     | Noticed a two-headed ogre
  7797 | D:10     | Killed a two-headed ogre
  7797 | D:10     | Reached **** piety under Trog
  7797 | D:10     | Reached XP level 11. HP: 71/94 MP: 10/10
  8452 | D:10     | Found a staircase to the Orcish Mines.
  8528 | D:10     | Found a roughly hewn altar of Beogh.
  8795 | D:11     | Noticed a cyan ugly thing
  8811 | D:11     | Killed a cyan ugly thing
  8916 | D:11     | Noticed a two-headed ogre
  8922 | D:11     | Killed a two-headed ogre
  8964 | D:11     | Noticed a death yak
  8965 | D:11     | Noticed a death yak
  8965 | D:11     | Noticed a death yak
  8965 | D:11     | Noticed a death yak
  8971 | D:11     | Noticed a death yak
  8977 | D:11     | Noticed Fannar
  8978 | D:11     | Killed a death yak
  8985 | D:11     | Reached ***** piety under Trog
  8990 | D:11     | Killed a death yak
  8993 | D:11     | Killed a death yak
  8993 | D:11     | Killed a death yak
  8996 | D:11     | Killed a death yak
  8996 | D:11     | Reached XP level 12. HP: 17/103 MP: 3/11
  9000 | D:11     | Killed Fannar
  9004 | D:11     | HP: 7/154 [steam dragon] (5)]
  9008 | D:11     | HP: 2/103 [something (3)]
  9025 | D:11     | Found a staircase to the Lair.
  9696 | D:12     | Noticed a centaur warrior
  9716 | D:12     | Killed a centaur warrior
 10245 | D:12     | Received a gift from Trog
 10559 | D:13     | Found a sacrificial altar of Ru.
 10693 | D:13     | Found a gate to the Vaults.
 10727 | D:13     | Noticed a catoblepas
 10766 | D:13     | Killed a catoblepas
 11222 | D:13     | Found a runed translucent door.
 11244 | D:13     | Found a runed translucent door.
 11260 | D:13     | Found a runed translucent door.
 11276 | D:13     | Found a runed translucent door.
 11587 | D:14     | Noticed Louise
 11589 | D:14     | Found a radiant altar of Vehumet.
 11589 | D:14     | Noticed a tengu warrior
 11589 | D:14     | Noticed a centaur warrior
 11609 | D:14     | Killed a centaur warrior
 11624 | D:14     | Killed Louise
 11624 | D:14     | Reached skill level 10 in Fighting
 11624 | D:14     | Reached skill level 10 in Armour
 11624 | D:14     | Reached skill level 15 in Shields
 11630 | D:14     | Killed a tengu warrior
 11654 | D:14     | Reached XP level 13. HP: 45/113 MP: 12/12
 11945 | D:14     | Found a runed translucent gate.
 11945 | D:14     | Found a runed translucent gate.
 11945 | D:14     | Found a runed translucent gate.
 11946 | D:14     | Noticed a white very ugly thing
 11946 | D:14     | Noticed a brown very ugly thing
 11947 | D:14     | Noticed a purple very ugly thing
 11997 | D:14     | Found Fetiugh's Elemental Accessories.
 12406 | D:14     | Reached skill level 15 in Axes
 12739 | D:15     | Entered Level 15 of the Dungeon
 13503 | D:15     | Slain by a meliai

Skill      XL: |  1  2  3  4  5  6  7  8  9 10 11 12 13 |
---------------+----------------------------------------+-----
Fighting       | 4 5 6 8 9 10 11 | 11.2
Long Blades    | 3 4 5 |  5.9
Armour         | 4 5 6 7 8 10 11 | 11.1
Shields        | 4 5 6 7 9 10 12 13 15 16 | 16.1
Dodging        | 1 2 3 |  3.2
Axes           | 3 6 8 11 13 14 16 | 16.0
Stealth        | |  0.8

Action                   |  1- 3 |  4- 6 |  7- 9 | 10-12 | 13-15 || total
-------------------------+-------+-------+-------+-------+-------++-------
Melee: Long sword        |    68 |   171 |       |       |       ||   239
       Headbutt          |    10 |    35 |    47 |   112 |    49 ||   253
       Broad axe         |       |     6 |    96 |       |       ||   102
       War axe           |       |       |   144 |   502 |   197 ||   843
Invok: Berserk           |       |       |     1 |     3 |     1 ||     5
       Brothers in Arms  |       |       |       |     1 |       ||     1
       Trog's Hand       |       |       |       |       |     1 ||     1
  Use: Scroll            |     5 |     7 |     7 |     6 |     2 ||    27
       Potion            |       |       |       |     3 |     5 ||     8
  Eat: Ration            |     1 |     2 |     3 |     6 |     2 ||    14
Armor: Scale mail        |    37 |    77 |       |       |       ||   114
       Plate armour      |       |     8 |   130 |   162 |    62 ||   362
Dodge: Dodged            |    26 |    48 |    33 |    69 |    32 ||   208
       Deflected         |       |       |       |     1 |     5 ||     6
Block: Shield            |    52 |    18 |       |       |       ||    70
       Large shield      |       |   189 |   308 |   572 |   214 ||  1283
       Rpst.: Long sword |     6 |    22 |       |       |       ||    28
